 Dungeon Crawl Stone Soup version 0.28-a0-175-gb2089b6bb7 (webtiles) character file.

Game seed: 262693632234716545

4 Nattfarinn the Caller (level 1, 0/13 HPs)
             Began as a Barachi Summoner on Aug 17, 2021.
             Slain by a bat (1 damage)
             ... on level 1 of the Dungeon.
             The game lasted 00:01:10 (444 turns).

Nattfarinn the Caller (Barachi Summoner)             Turns: 444, Time: 00:01:11

Health: 0/13       AC:  2    Str:  9    XL:     1   Next: 70%
Magic:  0/3        EV: 12    Int: 15    God:
Gold:   8          SH:  0    Dex: 12    Spells: 3/4 levels left

rFire   . . .      SeeInvis .   d - +0 dagger (vamp)
rCold   . . .      Faith    .   (no shield)
rNeg    . . .      Spirit   .   a - +0 robe
rPois   .          Reflect  .   (no helmet)
rElec   .          Harm     .   (no cloak)
rCorr   .          Rampage  .   (no gloves)
Will    .....                   (no boots)
Stlth   ++........              (no amulet)
HPRegen 0.04/turn               (no ring)
MPRegen 0.08/turn               (no ring)

@: unable to hop, slow
A: amphibious, slowness 1, strong legs 1, +LOS
a: Hop


You were on level 1 of the Dungeon.
You visited 1 branch of the dungeon, and saw 1 of its levels.

You collected 8 gold pieces.

Inventory:

Hand Weapons
 d - a +0 vampiric dagger (weapon)
Missiles
 b - a throwing net
Armour
 a - a +0 robe (worn)
Scrolls
 c - a scroll of identify {unknown}


   Skills:
 - Level 2.1 Dodging
 - Level 1.7 Stealth
 + Level 2.3 Spellcasting
 * Level 5.0 Summonings


You had 3 spell levels left.
You knew the following spells:

 Your Spells              Type           Power      Damage    Failure   Level
a - Summon Small Mammal   Summ           64%        N/A       2%          1

Your spell library contained the following spells:

 Spells                   Type           Power      Damage    Failure   Level
 Call Imp                 Summ           16%        N/A       4%          2
 Call Canine Familiar     Summ           16%        N/A       9%          3
 Summon Guardian Golem    Hex/Summ       9%         N/A       22%         3
 Summon Lightning Spire   Summ/Air       9%         N/A       58%         4


Dungeon Overview and Level Annotations

Branches:
Dungeon (1/15)

Altars:


Innate Abilities, Weirdness & Mutations

You are amphibious.
You cover ground slowly.
You can hop short distances.
You have an extended range of vision and can be seen from far away.


Message History

Hop to where?
Press: ? - help, Dir - move target You escape the ball python's grasp.
Boing!
Your bat completely misses the ball python.
Casting: Summon Small Mammal (safe; 2% risk of failure)
Confirm with . or Enter, or press ? or * to list all spells.
Your bat misses the kobold.
Your quokka barely misses the ball python.
The bat hits you.
* * * LOW HITPOINT WARNING * * *
What are your orders? t - Croak!
Orders for allies: a - Attack new target. r - Retreat! s - Stop attacking. g - Guard the area. f - Follow me.
Anything else - Cancel.
Gang up on whom?
Press: ? - help, Dir - move target, f - bat
Aim: a bat (heavily wounded)
Okay, then.
Unknown command.
You aren't carrying any potions.
The bat hits you.
* * * LOW HITPOINT WARNING * * *
The ball python barely misses you. The ball python closely misses you.
Your bat misses the kobold.
Unknown command.
Unknown command.
You closely miss the ball python. Your bat misses the kobold.
The bat misses you. The bat closely misses your rat. The ball python bites you.
* * * LOW HITPOINT WARNING * * *
The ball python closely misses you. The bat hits your rat.
Your quokka bites the ball python.
Your rat misses the ball python.
The ball python bites you but does no damage.
The ball python misses you.
The kobold hits your rat but does no damage.
You hit the bat but do no damage.
The bat is moderately wounded.
The bat closely misses you. The bat hits you.
You die...

.# .# ## .# ##
#####.##.####.#
#.............#
#.≈≈≈≈.≈≈≈≈≈..#
#!≈≈≈≈.≈≈≈≈≈.#
#.≈≈≈≈.≈≈≈≈≈.#####
#.≈≈≈≈@r≈≈≈≈.....
#.≈≈≈≈bSK.....#
#.......rb≈≈..#
#.≈≈≈≈≈.≈≈≈≈..#
#.≈≈≈≈≈†≈≈≈≈..#
#.≈≈≈≈≈.≈≈≈≈..#
#.≈≈≈≈≈.≈≈≈≈..#
#.............#
##............#


You could see a bat, a ball python (ally target), a kobold (ally target), a
friendly quokka (summoned), a friendly bat (summoned) and a friendly rat
(summoned).

Vanquished Creatures
  A hobgoblin (D:1)
1 creature vanquished.

Vanquished Creatures (collateral kills)
  2 ball pythons (D:1)
  A goblin (D:1)
  A hobgoblin (D:1)
  A quokka (D:1)
5 creatures vanquished.

Grand Total: 6 creatures vanquished

Notes
Turn   | Place    | Note
-------+----------+-------------------------------------------
     0 | D:1      | Nattfarinn the Barachi Summoner began the quest for the
                  | Orb.
     0 | D:1      | Reached XP level 1. HP: 13/13 MP: 3/3
   319 | D:1      | Reached skill level 5 in Summonings
   409 | D:1      | Found a faded altar of an unknown god.
   444 | D:1      | Slain by a bat

Illustrated notes

Levels and vault maps discovered:
D:1:      saegor_arrival_simple_b, layout_rooms,
          shapermc_ecumenical_altar_totnotflames, serial_co_window_serial,
          co_window_corner_a, co_window_corner_a, co_window_corner_a,
          co_window_corner_a, co_window_corner_a, co_window_broadway_b,
          co_window_of_opportunity_b, co_window_2corner, co_window_sun,
          glass_columns_b, glass_columns_a, minmay_misc_feat_iff, minivault_14,
          interstate_on_off

Skill      XL: |  1 |
---------------+----+-----
Summonings     | 5 |  5.0
Dodging        | |  2.1
Stealth        | |  1.7
Spellcasting   | |  2.3

Action                   || total
-------------------------++-------
Melee: Dagger            ||     6
       Unarmed           ||     6
 Cast: Summon Small Mamm ||    18
 Abil: Hop               ||     1
Armor: Robe              ||     5
Dodge: Dodged            ||    25

Table legend: (Time is in decaauts)
 A = Elapsed time spent in this place.
 B = Non-inter-level travel time spent in this place.
 C = Inter-level travel time spent in this place.
 D = Time resting spent in this place.
 E = Time spent auto-exploring this place.
 F = Levels seen in this place.
 G = Mean time per level.
                   A        B        C        D        E       F      G
               +--------+--------+--------+--------+--------+-----+--------+
         Total |    483 |    483 |      0 |      0 |    398 |   1 |  483.0 |
       Dungeon |    483 |    483 |      0 |      0 |    398 |   1 |  483.0 |
               +--------+--------+--------+--------+--------+-----+--------+

Top non-repeatable levels by time:
     D:1: 483 daAuts
